Map: Temple gelé

Players

zidar - Winner!

  • Race: Zerg Zerg
  • League: Platinum
  • Spawn Location: 5:00

TFX

  • Race: Zerg Zerg
  • League: Gold
  • Spawn Location: 11:00

VOD

Have the link to the VOD?

Description

Time

  • Played on: Nov. 7, 2016, 1:23 p.m.
  • Length: 4:40
Show
View Real Time Build Order
Export as new Build Order

zidar Zerg - Winner!

Build Orders: 1 Base Baneling Bust, Pool Only 

Get SALT Encoding   

  12  0:01  Drone  
  13  0:08  Drone  
  14  0:17  Extractor, Drone  
  14  0:34  Spawning Pool  
  13  0:39  Drone  
  14  0:49  Overlord  
  14  0:59  Overlord  
  14  1:22  Metabolic Boost  
  14  1:26  Queen  
  14  1:27  Zergling x2  
  14  1:32  Zergling x2  
  18  1:36  Zergling x2  
  19  1:44  Zergling x2  
  20  1:53  Zergling x2  
  21  2:03  Baneling Nest  
  21  2:05  Zergling x2  
  21  2:12  Zergling x2  
  22  2:27  Zergling x2  
  23  2:35  Zergling x8  
  28  3:05  Zergling x6  
  30  3:21  Overlord x3  
  30  3:27  Baneling  
  30  3:28  Baneling x5  
  20  4:06  Zergling x10  
  21  4:12  Drone  
Show
View Real Time Build Order
Export as new Build Order

TFX Zerg 

Build Orders: 1 Base Baneling Bust, Pool First 

Get SALT Encoding   

  12  0:07  Drone  
  13  0:23  Spawning Pool  
  13  0:25  Extractor  
  11  0:30  Drone  
  11  0:34  Drone  
  13  0:39  Drone  
  14  0:48  Overlord  
  14  1:07  Drone x2  
  16  1:11  Queen  
  16  1:17  Drone  
  19  1:26  Zergling x2  
  20  1:35  Baneling Nest  
  20  1:37  Drone  
  20  1:50  Metabolic Boost  
  20  1:53  Drone  
  21  1:59  Overlord  
  21  2:37  Zergling x10  
  21  2:38  Hatchery  
  25  3:01  Baneling x5  
  25  3:05  Overlord x2  
  25  3:12  Overlord  
  25  3:25  Evolution Chamber, Zergling x6  
  26  3:43  Zergling x2  
  23  3:51  Zergling x4  
  23  3:53  Zergling x2  
  23  3:54  Zergling x2  
  23  3:58  Zergling x2  
  13  4:16  Extractor  
Tags
 
Add a new tag
Caveats
  • Supply blocks, unpowered buildings, or Contaminate may cause inaccurate times.
  • Supply counts are checked every 10 seconds.